 Dungeon Crawl Stone Soup version 0.25-a0-528-g6b7c99946c (webtiles) character file.

Game seed: 571236245510926157, levelgen mode: deterministic

2982 RedPan the Protected (level 9, -2/68 HPs)
             Began as a Gnoll Wanderer on Feb 19, 2020.
             Slain by a killer bee (4 damage)
             ... on level 7 of the Dungeon.
             The game lasted 00:18:13 (6912 turns).

RedPan the Protected (Gnoll Wanderer)               Turns: 6912, Time: 00:18:14

Health: -2/68      AC: 11    Str: 17    XL:     9   Next: 83%
Magic:  15/15      EV: 12    Int: 20    God:
Gold:   259        SH:  0    Dex: 14    Spells: 17/17 levels left

rFire    + . .     SeeInvis .   p - +4 great sword
rCold    . . .     Gourm    .   (shield currently unavailable)
rNeg     . . .     Faith    .   k - +0 scale mail
rPois    .         Spirit   .   (no helmet)
rElec    .         Reflect  .   f - +1 cloak
rCorr    .         Harm     .   (no gloves)
MR       .....                  l - +0 pair of boots
Stlth    +.........             (no amulet)
HPRegen  0.21/turn              g - ring of protection from fire
MPRegen  0.14/turn              o - +4 ring of intelligence

@: lethally poisoned (-2 -> -12), about to teleport
A: distributed training, fangs 1, strong nose
a: no special abilities


You were on level 7 of the Dungeon.
You were not hungry.

You visited 1 branch of the dungeon, and saw 7 of its levels.

You collected 259 gold pieces.

Inventory:

Hand Weapons
 a - a +2 mace
 n - a +0 war axe
 p - a +4 great sword (weapon)
 s - a +1 whip of freezing
Armour
 f - a +1 cloak (worn)
 k - a +0 scale mail (worn)
 l - a +0 pair of boots (worn)
 m - a +1 buckler of protection
Jewellery
 g - a ring of protection from fire (left hand)
 h - an uncursed ring of flight
 o - a +4 ring of intelligence (right hand)
Wands
 u - a wand of paralysis (11)
Scrolls
 b - 2 scrolls of remove curse
 c - 2 scrolls of teleportation
 t - a scroll of fear {unknown}
Potions
 i - 2 potions of haste
 j - a potion of mutation
Comestibles
 d - 11 rations
 q - 3 chunks of flesh


   Skills:
 + Level 5.3 Fighting
 + Level 4.5 Short Blades
 + Level 4.5 Long Blades
 + Level 5.3 Axes
 + Level 8.0 Maces & Flails
 + Level 4.5 Polearms
 + Level 4.5 Staves
 + Level 4.5 Slings
 + Level 4.5 Bows
 + Level 4.5 Crossbows
 + Level 4.5 Throwing
 + Level 8.0 Armour
 + Level 4.5 Dodging
 + Level 4.5 Stealth
 + Level 4.5 Shields
 + Level 4.5 Unarmed Combat
 + Level 4.5 Spellcasting
 + Level 3.7 Conjurations
 + Level 3.7 Hexes
 + Level 3.7 Charms
 + Level 3.7 Summonings
 + Level 3.7 Necromancy
 + Level 3.7 Translocations
 + Level 3.7 Transmutations
 + Level 3.7 Fire Magic
 + Level 3.7 Ice Magic
 + Level 3.7 Air Magic
 + Level 3.7 Earth Magic
 + Level 3.7 Poison Magic
 + Level 5.0 Invocations
 + Level 6.5 Evocations


You had 17 spell levels left.
You didn't know any spells.
Your spell library contained the following spells:

 Spells                   Type           Power        Failure   Level  Hunger
 Sandblast                Erth           ###...       8%          1    None
 Shock                    Conj/Air       ###.         8%          1    None
 Passwall                 Tmut/Erth      ###.....     12%         2    #......
 Swiftness                Chrm/Air       ###.....     12%         2    #......
 Static Discharge         Conj/Air       ###.....     22%         3    ##.....
 Stone Arrow              Conj/Erth      ###...       22%         3    ##.....
 Airstrike                Air            ###.......   58%         4    ####...
 Petrify                  Tmut/Erth      ###.....     58%         4    ####...
 Lee's Rapid Deconstruct  Erth           ###.......   91%         5    ######.
 Lightning Bolt           Conj/Air       ###.......   91%         5    ######.


Dungeon Overview and Level Annotations

Branches:
Dungeon (7/15)
 Temple: D:4-7

Altars:
Ashenzari
Gozag
Hepliaklqana
Kikubaaqudgha
Makhleb
Ru
Sif Muna
Uskayaw
Vehumet
Xom
Yredelemnul


Innate Abilities, Weirdness & Mutations

Your experience applies equally to all skills.
You have very sharp teeth.
Your uncanny sense of smell can sniff out nearby items.


Message History

The killer bee stings you but does no damage.
The killer bee closely misses you. x2
You barely miss the killer bee. Your bite misses the killer bee.
The killer bee is severely wounded.
The killer bee stings you!
* * * LOW HITPOINT WARNING * * *
The killer bee misses you. The killer bee stings you.
* * * LOW HITPOINT WARNING * * *
Unknown command.
As you read the scroll of teleportation, it crumbles to dust.
You feel strangely unstable.
The killer bee stings you but does no damage.
The killer bee stings you!
* * * LOW HITPOINT WARNING * * *
You are poisoned.
The killer bee poisons you! The killer bee stings you!
* * * LOW HITPOINT WARNING * * *
You are more poisoned.
The killer bee poisons you! The killer bee stings you.
You die...

.....###.###......####
##.#.#.###.# #...#..# #
#..........###.#.##.#
#.####.######.......#
###.####.# #.##.#.#####
.........#### #...........
##.###......###..###.###..
##.y##.##..#####..##
##.@yS...##..####.## ####
####.####.##..###.# ###..###
#...#.#.#####.##.#
.#.##..)...###.#.#)#.##..#.#.##
.......#..÷)...#.#.(## #(##.#
o###......##†#.#y#.## #.#..##
###..###..#.....# #.####
####...####.### ## ....# ..#..


You could see 2 killer bees and an adder.

Vanquished Creatures
  Grinder (D:5)
  2 ice beasts
  A necrophage (D:5)
  A sky beast (D:6)
  2 ogres
  A phantom (D:6)
  A centaur (D:5)
  6 bullfrogs
  A gnoll sergeant (D:7)
  A scorpion (D:6)
  8 killer bees (D:7)
  3 wights (D:6)
  2 howler monkeys
  4 crimson imps
  A quasit (D:7)
  2 orc priests
  A hound (D:6)
  A bullfrog skeleton (D:5)
  A gnoll shaman (D:6)
  An iguana (D:7)
  Natasha (twice) (D:4)
  5 orc wizards
  4 worker ants
  A killer bee zombie (D:7)
  2 hound skeletons (D:4)
  2 worker ant zombies
  16 gnolls
  10 adders
  3 worms
  3 adder skeletons
  An adder zombie (D:7)
  3 leopard geckos
  21 orcs
  2 ball pythons
  7 giant cockroaches
  2 goblins
  7 hobgoblins
  15 jackals
  2 kobolds (D:2)
  A quokka (D:7)
  6 bats
  5 frilled lizards
  A jackal skeleton (D:5)
  A quokka skeleton (D:7)
  4 rats
167 creatures vanquished.

Vanquished Creatures (others)
  A scorpion (D:5)
  A jelly (D:5)
  An adder (D:5)
  A worm (D:5)
  A jackal (D:5)
5 creatures vanquished.

Grand Total: 172 creatures vanquished

Notes
Turn   | Place    | Note
-------+----------+-------------------------------------------
     0 | D:1      | RedPan the Gnoll Wanderer began the quest for the Orb.
     0 | D:1      | RedPan set off with the following items: a +2 mace, a +0
                  | ring mail, a scroll of teleportation, a ration
     0 | D:1      | Reached XP level 1. HP: 17/17 MP: 3/3
   216 | D:1      | Reached XP level 2. HP: 22/23 MP: 5/5
   488 | D:1      | You fall into a shaft and drop 1 floor!
   797 | D:1      | Reached XP level 3. HP: 28/28 MP: 6/6
  1116 | D:2      | Reached skill level 1 in Invocations
  1298 | D:2      | Reached skill level 1 in Short Blades
  1298 | D:2      | Reached skill level 1 in Long Blades
  1298 | D:2      | Reached skill level 1 in Polearms
  1298 | D:2      | Reached skill level 1 in Staves
  1298 | D:2      | Reached skill level 1 in Slings
  1298 | D:2      | Reached skill level 1 in Bows
  1298 | D:2      | Reached skill level 1 in Crossbows
  1298 | D:2      | Reached skill level 1 in Throwing
  1298 | D:2      | Reached skill level 1 in Dodging
  1298 | D:2      | Reached skill level 1 in Stealth
  1298 | D:2      | Reached skill level 1 in Shields
  1298 | D:2      | Reached skill level 1 in Unarmed Combat
  1298 | D:2      | Reached skill level 1 in Spellcasting
  1298 | D:2      | Reached XP level 4. HP: 16/34 MP: 7/7
  2040 | D:3      | Reached skill level 1 in Conjurations
  2040 | D:3      | Reached skill level 1 in Hexes
  2040 | D:3      | Reached skill level 1 in Charms
  2040 | D:3      | Reached skill level 1 in Summonings
  2040 | D:3      | Reached skill level 1 in Necromancy
  2040 | D:3      | Reached skill level 1 in Translocations
  2040 | D:3      | Reached skill level 1 in Transmutations
  2040 | D:3      | Reached skill level 1 in Fire Magic
  2040 | D:3      | Reached skill level 1 in Ice Magic
  2040 | D:3      | Reached skill level 1 in Air Magic
  2040 | D:3      | Reached skill level 1 in Earth Magic
  2040 | D:3      | Reached skill level 1 in Poison Magic
  2330 | D:3      | Reached XP level 5. HP: 37/40 MP: 8/8
  2436 | D:3      | You fall into a shaft and drop 3 floors!
  2437 | D:6      | Noticed a phantom
  2507 | D:6      | Killed a phantom
  2507 | D:6      | Reached XP level 6. HP: 20/47 MP: 9/9
  2511 | D:6      | Reached skill level 5 in Evocations
  2770 | D:6      | Found a shimmering blue altar of Sif Muna.
  2842 | D:6      | Reached XP level 7. HP: 42/52 MP: 10/10
  3057 | D:6      | Found a burning altar of Makhleb.
  3059 | D:6      | Found a sacrificial altar of Ru.
  3654 | D:5      | Entered Level 5 of the Dungeon
  3662 | D:5      | Reached XP level 8. HP: 44/60 MP: 12/12
  3985 | D:4      | Noticed Natasha
  3994 | D:4      | Killed Natasha
  4326 | D:4      | Found a radiant altar of Vehumet.
  4411 | D:4      | Found a basalt altar of Yredelemnul.
  4541 | D:4      | Found an ancient bone altar of Kikubaaqudgha.
  4559 | D:4      | Noticed Natasha
  4569 | D:4      | Killed Natasha
  4759 | D:4      | Found an opulent altar of Gozag.
  4759 | D:4      | Found a hide-covered altar of Uskayaw.
  4759 | D:4      | Found a shattered altar of Ashenzari.
  5061 | D:5      | Noticed Grinder
  5073 | D:5      | Paralysed by Grinder for 2 turns
  5089 | D:5      | Killed Grinder
  5523 | D:5      | Found a shimmering altar of Xom.
  5747 | D:6      | Reached XP level 9. HP: 56/66 MP: 14/14
  5935 | D:6      | Found a hazy altar of Hepliaklqana.
  6569 | D:7      | Reached skill level 5 in Fighting
  6569 | D:7      | Reached skill level 5 in Axes
  6827 | D:7      | Identified the +11 broad axe "Beetle's Undoing" {vorpal,
                  | rElec rF+ rN+ MR+}
  6902 | D:7      | Reached skill level 5 in Invocations
  6912 | D:7      | HP: 2/68 [killer bee (7)]
  6912 | D:7      | Slain by a killer bee

Levels and vault maps discovered:
D:1:      dpeg_arrival_more_subterranean_lakeside_camping, layout_loops_corners
D:2:      layout_basic, minmay_misc_feat_columns, interstate_on_off
D:3:      layout_loops_ring, ebering_ghost_disaster_area
D:4:      layout_basic, lemuel_doored_altar, kennysheep_mini,
          nicolae_overflow_hidden_temple, uniq_natasha
D:5:      layout_loops_cross, first_ration, xom_confusion_cloud, uniq_grinder
D:6:      layout_loops_ring, nicolae_overflow_crystal_walls,
          chequers_temple_overflow_statue_of_worship, enter_ossuary_2,
          moated_statue, led_sif_book
D:7:      minmay_the_grid_octo_tiled_octocenter [minmay_the_grid_octo_odd_swirl,
          minmay_the_grid_octo_fan_narrow, minmay_the_grid_octo_clover,
          minmay_the_grid_octo_horde, minmay_the_grid_octo_prize_big_c,
          minmay_the_grid_square_5x5_six, minmay_the_grid_square_5x5_meh,
          minmay_the_grid_square_5x5_bite, minmay_the_grid_square_5x5_percent],
          layout_loops_corners, lemuel_temple_firewalk_b

Skill      XL: |  1  2  3  4  5  6  7  8  9 |
---------------+----------------------------+-----
Invocations    | 1 2 3 4 5 |  5.0
Short Blades   | 1 2 3 4 |  4.5
Long Blades    | 1 2 3 4 |  4.5
Polearms       | 1 2 3 4 |  4.5
Staves         | 1 2 3 4 |  4.5
Slings         | 1 2 3 4 |  4.5
Bows           | 1 2 3 4 |  4.5
Crossbows      | 1 2 3 4 |  4.5
Throwing       | 1 2 3 4 |  4.5
Dodging        | 1 2 3 4 |  4.5
Stealth        | 1 2 3 4 |  4.5
Shields        | 1 2 3 4 |  4.5
Unarmed Combat | 1 2 3 4 |  4.5
Spellcasting   | 1 2 3 4 |  4.5
Conjurations   | 1 2 3 |  3.7
Hexes          | 1 2 3 |  3.7
Charms         | 1 2 3 |  3.7
Summonings     | 1 2 3 |  3.7
Necromancy     | 1 2 3 |  3.7
Translocations | 1 2 3 |  3.7
Transmutations | 1 2 3 |  3.7
Fire Magic     | 1 2 3 |  3.7
Ice Magic      | 1 2 3 |  3.7
Air Magic      | 1 2 3 |  3.7
Earth Magic    | 1 2 3 |  3.7
Poison Magic   | 1 2 3 |  3.7
Fighting       | 3 4 5 |  5.3
Axes           | 3 4 5 |  5.3
Evocations     | 5 6 |  6.5
Maces & Flails | 7 8 |  8.0
Armour         | 7 8 |  8.0

Action                   |  1- 3 |  4- 6 |  7- 9 || total
-------------------------+-------+-------+-------++-------
Melee: Spear             |    54 |       |       ||    54
       Mace              |    67 |   119 |    71 ||   257
       Bite              |     5 |    12 |    59 ||    76
       Punch             |       |     1 |     2 ||     3
       War axe           |       |       |   241 ||   241
       Great sword       |       |       |   103 ||   103
Evoke: Wand              |       |       |     7 ||     7
  Use: Scroll            |     2 |     2 |     5 ||     9
       Potion            |       |     1 |     3 ||     4
 Stab: Paralysed         |       |       |     4 ||     4
  Eat: Chunk             |     1 |     5 |    14 ||    20
Armor: Ring mail         |    55 |    42 |    49 ||   146
       Scale mail        |       |       |   145 ||   145
Dodge: Dodged            |    72 |    63 |   259 ||   394
Block: Buckler           |       |       |    66 ||    66
       Rpst.: Great sword |       |       |    30 ||    30

Table legend:
 A = Non-vault XP
 B = Vault XP
 C = Vault XP percentage of total XP
 D = Non-vault monster count
 E = Vault monster count
 F = Vault count percentage of total count
                 A         B        C        D         E       F
            +---------+---------+-------+---------+---------+-------
      Total |    3396 |     865 |  20.3 |     150 |      17 |  10.2
            +---------+---------+-------+---------+---------+-------
        D:1 |      38 |       0 |   0.0 |      24 |       0 |   0.0
        D:2 |      69 |       0 |   0.0 |      16 |       0 |   0.0
        D:3 |      65 |       0 |   0.0 |      11 |       0 |   0.0
        D:4 |     164 |      35 |  17.6 |      13 |       1 |   7.1
        D:5 |     669 |     337 |  33.5 |      23 |       5 |  17.9
        D:6 |    1244 |       0 |   0.0 |      36 |       0 |   0.0
        D:7 |    1147 |     493 |  30.1 |      27 |      11 |  28.9
            +---------+---------+-------+---------+---------+-------
